 Dungeon Crawl Stone Soup version 0.30-a0-924-g0ad0bf95bc (webtiles) character file.

Game seed: 17996159568656779435

67 billz999 the Skirmisher (level 4, -3/38 HPs)
             Began as a Gnoll Hunter on Mar 22, 2023.
             Killed from afar by a white imp (8 damage)
             ... with a puff of frost
             ... summoned by Natasha
             ... on level 3 of the Dungeon.
             The game lasted 00:02:48 (1293 turns).

billz999 the Skirmisher (Gnoll Hunter)              Turns: 1293, Time: 00:02:49

Health: -3/38      AC:  3    Str: 11    XL:     4   Next: 18%
Magic:  5/5        EV: 13    Int: 10    God:
Gold:   148        SH:  0    Dex: 15    Spells: 4/5 levels left

rFire   . . .      SeeInvis .    a - +0 shortbow
rCold   . . .      Faith    .    (shield currently unavailable)
rNeg    . . .      Spirit   .    c - +0 leather armour
rPois   .          Reflect  .    (no helmet)
rElec   .          Rampage  .    (no cloak)
rCorr   .                        (no gloves)
Will    .....                    (no boots)
Stlth   ++                       (no amulet)
HPRegen 0.26/turn                (no ring)
MPRegen 0.09/turn                (no ring)

@: mighty
A: fangs 1, strong nose, distributed training
a: no special abilities


You were on level 3 of the Dungeon.
You visited 1 branch of the dungeon, and saw 3 of its levels.

You collected 148 gold pieces.

Inventory:

Hand Weapons
 a - a +0 shortbow (weapon)
 e - a +1 short sword of protection
 i - a +1 dagger of speed
Armour
 c - a +0 leather armour (worn)
Jewellery
 k - an amulet of guardian spirit
 m - an amulet of faith
Scrolls
 b - a scroll of immolation
 d - a scroll of fear {unknown}
 f - a scroll of teleportation {unknown}
 g - a scroll of blinking {unknown}
 h - 2 scrolls of fog {unknown}
 l - a scroll of identify {unknown}
 o - a scroll of vulnerability {unknown}
Potions
 p - a potion of flight {unknown}


   Skills:
 + Level 4.6 Fighting
 + Level 1.1 Short Blades
 + Level 1.1 Long Blades
 + Level 1.1 Axes
 + Level 1.1 Maces & Flails
 + Level 1.1 Polearms
 + Level 1.1 Staves
 + Level 8.5 Ranged Weapons
 + Level 1.1 Throwing
 + Level 1.1 Armour
 + Level 4.6 Dodging
 + Level 2.5 Stealth
 + Level 1.1 Shields
 + Level 1.1 Unarmed Combat
 + Level 1.1 Spellcasting
 + Level 0.8 Conjurations
 + Level 0.8 Hexes
 + Level 0.8 Summonings
 + Level 0.8 Necromancy
 + Level 0.8 Translocations
 + Level 0.8 Transmutations
 + Level 0.8 Fire Magic
 + Level 0.8 Ice Magic
 + Level 0.8 Air Magic
 + Level 0.8 Earth Magic
 + Level 0.8 Poison Magic
 + Level 1.2 Invocations
 + Level 1.1 Evocations


You had 4 spell levels left.
You knew the following spells:

 Your Spells              Type           Power      Damage    Failure   Level
a - Necrotise             Necr           8%         1d4       32%         1

Your spell library contained the following spells:

 Spells                   Type           Power      Damage    Failure   Level
 Foxfire                  Conj/Fire      8%         2x1d4     32%         1
 Fireball                 Conj/Fire      1%         3d3       100%        5
 Starburst                Conj/Fire      1%         6d3       100%        6


Dungeon Overview and Level Annotations

Branches:
Dungeon (3/15)

Altars:

Annotations:
D:3 Natasha


Innate Abilities, Weirdness & Mutations

You have very sharp teeth.
Your uncanny sense of smell can sniff out nearby items.
Your experience applies equally to all skills.


Message History

You shoot an arrow. The arrow hits Natasha.
Natasha is moderately wounded.
You shoot an arrow. The arrow hits Natasha.
Natasha is moderately wounded.
You shoot an arrow. The arrow hits Natasha.
Natasha is heavily wounded.
Natasha casts a spell.
You shoot an arrow. The arrow hits the endoplasm!
You kill the endoplasm!
You shoot an arrow. The arrow closely misses Natasha.
Natasha claws you.
You shoot an arrow. The arrow hits Natasha.
Natasha is severely wounded.
Natasha stares at you and mumbles some strange words.
The magic dart hits you. The white imp gestures at you.
The puff of frost hits you!
You shoot an arrow. The arrow closely misses Natasha.
Natasha closely misses you.
The white imp hits you but does no damage.
You shoot an arrow. The arrow closely misses Natasha.
Natasha claws you.
* * * LOW HITPOINT WARNING * * *
The white imp closely misses you. Natasha claws you.
* * * LOW HITPOINT WARNING * * *
Unknown command.
It was a potion of might.
You feel very mighty all of a sudden. The white imp closely misses you.
Natasha closely misses you.
It was a potion of heal wounds.
You feel much better. The white imp gestures at you.
The puff of frost hits you!
Natasha casts a spell.
You shoot an arrow. The arrow barely misses Natasha.
The white imp gestures at you. The puff of frost hits you!
* * * LOW HITPOINT WARNING * * *
Natasha claws you but does no damage. The white imp completely misses you.
Natasha closely misses you. The white imp gestures at you.
The puff of frost hits you!
You die...

#......##
........##
.........#
.........#
.........#
.........#
......5h5#
.......@#
.)......#
....>....
..........
.......$... ∆
............
.............
.........##...


You could see Natasha and 2 white imps.

Vanquished Creatures
  2 adders (D:2)
  A worm (D:2)
  3 dart slugs
  6 endoplasms
  4 goblins
  2 hobgoblins (D:1)
  3 jackals (D:1)
  4 kobolds
  A quokka (D:2)
  4 ball pythons
  6 bats
  A rat (D:1)
37 creatures vanquished.

Notes
Turn   | Place    | Note
-------+----------+-------------------------------------------
     0 | D:1      | billz999 the Gnoll Hunter began the quest for the Orb.
     0 | D:1      | Reached XP level 1. HP: 20/20 MP: 1/1
    57 | D:1      | Found a faded altar of an unknown god.
    65 | D:1      | Got Plato's Secrets of the Grave
   118 | D:1      | Reached XP level 2. HP: 18/26 MP: 2/2
   651 | D:1      | Reached XP level 3. HP: 31/31 MP: 3/3
   880 | D:2      | Reached skill level 1 in Invocations
   957 | D:2      | Reached skill level 1 in Short Blades
   957 | D:2      | Reached skill level 1 in Long Blades
   957 | D:2      | Reached skill level 1 in Axes
   957 | D:2      | Reached skill level 1 in Maces & Flails
   957 | D:2      | Reached skill level 1 in Polearms
   957 | D:2      | Reached skill level 1 in Staves
   957 | D:2      | Reached skill level 1 in Throwing
   957 | D:2      | Reached skill level 1 in Armour
   957 | D:2      | Reached skill level 1 in Shields
   957 | D:2      | Reached skill level 1 in Unarmed Combat
   957 | D:2      | Reached skill level 1 in Spellcasting
   957 | D:2      | Reached skill level 1 in Evocations
  1114 | D:2      | Learned a level 1 spell: Necrotise
  1145 | D:2      | Reached XP level 4. HP: 16/38 MP: 0/5
  1280 | D:3      | Noticed Natasha
  1293 | D:3      | Killed from afar by a white imp

Illustrated notes

Levels and vault maps discovered:
D:1:      wander_arrival_desolate, layout_loops_cross,
          shapermc_ecumenical_altar_rom_forum, chequers_avenue,
          hangedman_decor_points, kennysheep_flooded_box, minmay_crystal_water
D:2:      layout_basic
D:3:      layout_rooms, chequers_hall_statues_corner_a, uniq_jessica,
          uniq_natasha, uniq_robin

Skill      XL: |  1  2  3 |
---------------+----------+-----
Invocations    | 1 |  1.2
Short Blades   | 1 |  1.1
Long Blades    | 1 |  1.1
Axes           | 1 |  1.1
Maces & Flails | 1 |  1.1
Polearms       | 1 |  1.1
Staves         | 1 |  1.1
Throwing       | 1 |  1.1
Armour         | 1 |  1.1
Shields        | 1 |  1.1
Unarmed Combat | 1 |  1.1
Spellcasting   | 1 |  1.1
Evocations     | 1 |  1.1
Fighting       | |  4.6
Ranged Weapons | |  8.5
Dodging        | |  4.6
Stealth        | |  2.5
Conjurations   | |  0.8
Hexes          | |  0.8
Summonings     | |  0.8
Necromancy     | |  0.8
Translocations | |  0.8
Transmutations | |  0.8
Fire Magic     | |  0.8
Ice Magic      | |  0.8
Air Magic      | |  0.8
Earth Magic    | |  0.8
Poison Magic   | |  0.8

Action                     |  1- 3 |  4- 6 || total
---------------------------+-------+-------++-------
   Fire: Shortbow          |    93 |    13 ||   106
   Cast: Necrotise         |     4 |       ||     4
    Use: Potion            |       |     2 ||     2
 Armour: Leather armour    |     9 |     2 ||    11
  Dodge: Dodged            |    20 |     6 ||    26

Table legend: (Time is in decaauts)
 A = Elapsed time spent in this place.
 B = Non-inter-level travel time spent in this place.
 C = Inter-level travel time spent in this place.
 D = Time resting spent in this place.
 E = Time spent auto-exploring this place.
 F = Levels seen in this place.
 G = Mean time per level.
                   A        B        C        D        E       F      G
               +--------+--------+--------+--------+--------+-----+--------+
         Total |   1304 |   1255 |     49 |     45 |   1007 |   3 |  434.7 |
       Dungeon |   1304 |   1255 |     49 |     45 |   1007 |   3 |  434.7 |
               +--------+--------+--------+--------+--------+-----+--------+

Top non-repeatable levels by time:
     D:1: 788 daAuts
     D:2: 502 daAuts
     D:3: 14 daAuts
